 Dungeon Crawl Stone Soup version 0.19-a0-151-g039907c (webtiles) character file.

6 DarthKuruptios the Conjurer (level 1, 0/15 HPs)
             Began as a Naga Conjurer on May 18, 2016.
             Slain by a goblin (1 damage)
             ... on level 1 of the Dungeon on May 19, 2016.
             The game lasted 00:03:07 (178 turns).

DarthKuruptios the Conjurer (Naga Conjurer)          Turns: 178, Time: 00:03:08

Health: 0/15       AC:  4    Str: 10    XL:     1   Next: 90%
Magic:  0/3        EV:  6    Int: 15    God:
Gold:   21         SH:  0    Dex: 11    Spells: 1 memorised, 3 levels left

rFire  . . .     SeeInvis +     (no weapon)
rCold  . . .     Gourm    .     e - +0 scale mail
rNeg   . . .     Faith    .     (no shield)
rPois  +         Spirit   .     (no helmet)
rElec  .         Dismiss  .     (no cloak)
rCorr  .         Reflect  .     g - +0 pair of gloves
SustAt .         Harm     .     (no barding)
MR     .....                    (no amulet)
Stlth  +.........               (no ring)
                                (no ring)

@: very slightly contaminated, very slow, not resistant to hostile enchantments,
very unstealthy
A: see invisible, deformed body, poison resistance, slowness 2, slow metabolism
1, spit poison 2, AC +0
a: Spit Poison


You were on level 1 of the Dungeon.
You were not hungry.

You visited 1 branch of the dungeon, and saw 1 of its levels.

You collected 21 gold pieces.

Inventory:

Armour
 a - a +0 robe
 e - a +0 scale mail (worn)
 g - a +0 pair of gloves (worn)
Potions
 d - a potion of curing {unknown}
Books
 b - a book of Conjurations

   Spells                             Type                      Level
   a - Magic Dart                     Conjuration                  1
   b - Searing Ray                    Conjuration                  2
   c - Dazzling Spray                 Conjuration/Hexes            3
   d - Fulminant Prism                Conjuration/Hexes            4
   e - Iskenderun's Mystic Blast      Conjuration                  4
   f - Iskenderun's Battlesphere      Conjuration/Charms           5
Comestibles
 c - a bread ration
 f - 2 chunks of flesh


   Skills:
 + Level 1.7 Dodging
 + Level 3.1 Stealth
 + Level 2.0 Spellcasting
 + Level 4.2 Conjurations


You had 3 spell levels left.
You knew the following spells:

 Your Spells              Type           Power        Failure   Level  Hunger
a - Magic Dart            Conj           ##..         30%         1    #......


Dungeon Overview and Level Annotations

Branches:
Dungeon (1/15)

Altars:


Innate Abilities, Weirdness & Mutations

You cannot wear boots.
Your serpentine skin is tough (AC +0).
You have supernaturally acute eyesight.
Armour fits poorly on your strangely shaped body.
Your system is resistant to poisons.
You cover ground very slowly.
You have a slow metabolism.
You can spit poison.


Message History

The goblin barely misses you. The bat barely misses you.
The goblin hits you but does no damage. The goblin hits you.
The bat barely misses you. The bat hits you but does no damage.
The bat hits you but does no damage.
Casting: Magic Dart
Confirm with . or Enter, or press ? or * to list all spells.
Aiming: Magic Dart
Press: ? - help, Shift-Dir - straight line, f - goblin
Aim: a goblin You miscast Magic Dart.
You are momentarily dazzled by a flash of light!
The bat hits you but does no damage. The goblin hits you.
* * * LOW HITPOINT WARNING * * *
The bat completely misses you. The bat hits you but does no damage.
The bat barely misses you. The goblin hits you.
* * * LOW HITPOINT WARNING * * *
The goblin hits you.
You die...

#.... #... #... ##..
#..### .. ##....#
#........>#...#.....#
#.........##.##.bg..#
#.........##.##.@#.)##
#.........##.##..##.†#
#.........##.##..###.....#
#.................>####..#
#..................# ...
###.....).............. ..
.....##................
#...................(..
##....)#####...........


You could see a goblin and a bat.

Vanquished Creatures
  A bat (D:1)
  2 goblins (D:1)
  A giant newt (D:1)
  A kobold (D:1)
  A rat (D:1)
6 creatures vanquished.

Vanquished Creatures (others)
  A goblin (D:1)
1 creature vanquished.

Grand Total: 7 creatures vanquished

Notes
Turn   | Place    | Note
--------------------------------------------------------------
     0 | D:1      | DarthKuruptios the Naga Conjurer began the quest for the Orb.
     0 | D:1      | Reached XP level 1. HP: 15/15 MP: 3/3
     0 | D:1      | Upgraded the game from 0.19-a0-148-g706f639 to 0.19-a0-151-g039907c
   178 | D:1      | Slain by a goblin

Vault maps used:
D:1:      minmay_arrival_glassed_features, lemuel_flame_loot_1

Action                   || total
-------------------------++-------
Melee: Unarmed           ||    16
 Cast: Magic Dart        ||     8
Armor: Scale mail        ||    26
Dodge: Dodged            ||    16
